 Dungeon Crawl Stone Soup version 0.21.1-1-g345015f (webtiles) character file.

164 Kurtz the Insei (level 5, -3/41 HPs)
             Began as a Mummy Monk on May 30, 2018.
             Killed from afar by Natasha (5 damage)
             ... with a magic dart
             ... on level 3 of the Dungeon.
             The game lasted 00:04:32 (6498 turns).

Kurtz the Insei (Mummy Monk)                        Turns: 6498, Time: 00:04:33

Health: -3/41      AC:  1    Str: 15    XL:     5   Next: 21%
Magic:  5/5        EV: 10    Int:  9    God:
Gold:   157        SH:  8    Dex: 15    Spells: 4/4 levels left

rFire    x . .     SeeInvis .     - Unarmed
rCold    + . .     Gourm    .   g - +0 shield
rNeg     + + +     Faith    .   (no armour)
rPois    ∞         Spirit   .   (no helmet)
rElec    .         Reflect  .   (no cloak)
rCorr    .         Harm     .   (no gloves)
MR       .....                  e - +0 pair of boots
Stlth    ++........             (no amulet)
HPRegen  0.13/turn              (no ring)
MPRegen  0.09/turn              (no ring)

@: slowed, very slow
A: no food or potions, fire vulnerability, cold resistance 1, negative energy
resistance 3, torment resistance, unbreathing
a: no special abilities


You were on level 3 of the Dungeon.
You were not hungry.

You visited 1 branch of the dungeon, and saw 4 of its levels.

You collected 157 gold pieces.

Inventory:

Armour
 e - a +0 pair of boots (worn)
 g - a +0 shield (worn)
Scrolls
 a - 4 scrolls of remove curse {unknown}
 b - 3 scrolls of identify {unknown}
 c - a scroll of noise {unknown}
 d - a scroll of fog {unknown}
 f - a scroll of amnesia {unknown}
 h - a scroll of fear {unknown}
 i - a scroll of teleportation {unknown}
 j - a scroll of blinking {unknown}
 m - a scroll of random uselessness {unknown}
Books
 k - a book of Minor Magic

   Spells                             Type                      Level
   a - Magic Dart                     Conjuration                  1
   b - Blink                          Translocation                2
   c - Call Imp                       Summoning                    2
   d - Slow                           Hexes                        2
   e - Conjure Flame                  Conjuration/Fire             3
   f - Mephitic Cloud                 Conjuration/Poison/Air       3
Comestibles
 l - 9 rations (quivered)


   Skills:
 - Level 3.0 Fighting
 - Level 2.4 Dodging
 - Level 1.5 Stealth
 - Level 2.1 Shields
 * Level 4.2 Unarmed Combat


You had 4 spell levels left.
You didn't know any spells.

Dungeon Overview and Level Annotations

Branches:
Dungeon (4/15)
 Temple: D:4-7

Altars:
The Shining One

Shops:
D:4 *=[

Annotations:
D:3 Natasha
D:4 Menkaure


Innate Abilities, Weirdness & Mutations

You do not eat or drink.
Your flesh is vulnerable to fire.
You are immune to poison.
Your flesh is cold resistant. (rC+)
You are immune to negative energy. (rN+++)
You are immune to unholy pain and torment.
You can survive without breathing.


Message History

Natasha is almost dead.
Natasha mumbles some strange words.
You hit Natasha but do no damage.
Natasha is almost dead.
Natasha casts a spell at you. You resist with some effort.
The white imp gestures at you. You block the puff of frost.
Natasha casts a spell at you. The magic dart hits you!
* * * LOW HITPOINT WARNING * * *
You hit Natasha.
Natasha is almost dead.
The white imp hits you.
* * * LOW HITPOINT WARNING * * *
The white imp freezes you. You resist.
* * * LOW HITPOINT WARNING * * *
Natasha stares at you and mumbles some strange words.
The magic dart hits you!
You die...

#.##.#.# #.# #.#
##########.##.#.# #.# #.#
#...........#.#.# #.# #.#
#.###########.#.# #.# #.# #.#
#.....#.#.# #.# #.# #.#
#.###.#(#.# #.######.# #.#
#.#<#.#.#.# #.....[..# #.#
#.#.#.#.#h############### #.#
#.#.#.#.#.@5..........# #.#
#.#.#.#.#############.# #.#
#.#.#.#.# #.#
#.#####.#.#.#.#############.#
#.......#...#...............#
#######.#.#[#.###############
#########


You could see Natasha and a white imp.

Vanquished Creatures
  Natasha (D:3)
  6 adders
  2 worms
  3 dart slugs
  3 leopard geckos
  5 orcs (D:3)
  2 ball pythons
  A giant cockroach (D:3)
  3 goblins
  7 hobgoblins
  7 jackals
  A quokka (D:2)
  6 bats
  5 frilled lizards
  8 kobolds
  5 rats
65 creatures vanquished.

Notes
Turn   | Place    | Note
-------+----------+-------------------------------------------
     0 | D:1      | Kurtz the Mummy Monk began the quest for the Orb.
     0 | D:1      | Reached XP level 1. HP: 18/18 MP: 1/1
   340 | D:1      | Reached skill level 3 in Unarmed Combat
   340 | D:1      | Reached XP level 2. HP: 19/24 MP: 2/2
  1526 | D:2      | Reached XP level 3. HP: 11/29 MP: 3/3
  2074 | D:2      | Reached skill level 1 in Shields
  2568 | D:2      | Found a glowing golden altar of the Shining One.
  2707 | D:2      | Reached XP level 4. HP: 35/35 MP: 4/4
  3372 | D:3      | Reached skill level 4 in Unarmed Combat
  3626 | D:4      | Noticed Natasha
  3829 | D:4      | Found Egyfej's Assorted Antiques.
  4921 | D:4      | Found Uvoetsur's Jewellery Boutique.
  4926 | D:4      | Found Ezxa's Armour Shoppe.
  4927 | D:4      | Noticed Menkaure
  5251 | D:3      | Reached XP level 5. HP: 9/41 MP: 5/5
  5545 | D:3      | Killed Natasha
  6483 | D:3      | Noticed Natasha
  6498 | D:3      | HP: 2/41 [white imp[Natasha] (1)]
  6498 | D:3      | Killed from afar by Natasha

Skill      XL: |  1  2  3  4 |
---------------+-------------+-----
Unarmed Combat | 3 4 |  4.2
Shields        | 1 2 |  2.1
Fighting       | |  3.0
Dodging        | |  2.4
Stealth        | |  1.5

Action                   |  1- 3 |  4- 6 || total
-------------------------+-------+-------++-------
Melee: Unarmed           |   158 |   157 ||   315
       Punch             |     1 |       ||     1
 Stab: Sleeping          |     3 |       ||     3
Armor: Skin              |     6 |    20 ||    26
Dodge: Dodged            |   117 |    78 ||   195
Block: Shield            |    12 |    72 ||    84
